 Dungeon Crawl Stone Soup version 0.31-a0-636-ge1c0e020e0 (webtiles) character file.

Game seed: 10574889059652579326

116 AtlasWard the Cutter (level 4, -4/41 HPs)
             Began as a Draconian Monk on Aug 26, 2023.
             Slain by Robin
             ... wielding a +5 spectral club
              (7 damage)
             ... on level 2 of the Dungeon.
             The game lasted 00:04:22 (1525 turns).

AtlasWard the Cutter (Draconian Monk)               Turns: 1525, Time: 00:04:23

Health: -4/41      AC:  5    Str: 15    XL:     4   Next: 69%
Magic:  4/4        EV: 12    Int: 11    God:
Gold:   76         SH:  0    Dex: 13    Spells: 3/3 levels left

rFire   . . .        a - +0 short sword
rCold   . . .        c - orb {light}
rNeg    . . .        (body armour unavailable)
rPois   .            (helmet restricted)
rElec   .            (no cloak)
rCorr   .            (no gloves)
SInv    .            (no boots)
Will    .....        (no amulet)
Stlth   +            h - ring of flight
HPRegen 0.26/turn    (no ring)
MPRegen 0.09/turn

%: no passive effects
@: flying, glowing
A: AC +5, unfitting armour, cold-blooded
a: no special abilities


You were on level 2 of the Dungeon.
You visited 1 branch of the dungeon, and saw 3 of its levels.

You collected 76 gold pieces.

Inventory:

Hand Weapons
 a - a +0 short sword (weapon)
 k - a +0 flail
Missiles
 j - 3 throwing nets
 m - a poisoned dart (quivered)
Armour
 c - an orb of light (worn)
Jewellery
 h - a ring of flight (left hand)
Scrolls
 d - a scroll of blinking {unknown}
 e - a scroll of poison {unknown}
 f - a scroll of teleportation {unknown}
Potions
 b - a potion of ambrosia
 g - a potion of brilliance {unknown}
 i - a potion of heal wounds
 l - a potion of haste {unknown}
 n - a potion of might {unknown}


   Skills:
 + Level 4.4 Fighting
 * Level 4.8 Short Blades
 - Level 2.6 Dodging


You had 3 spell levels left.
You didn't know any spells.
Your spell library contained the following spells:

 Spells                   Type           Power      Damage    Failure   Level
 Poisonous Vapours        Pois/Air       0%         N/A       47%         2
 Mephitic Cloud           Conj/Pois/Air  0%         N/A       71%         3
 Freezing Cloud           Conj/Ice/Air   0%         6-21      100%        5


Dungeon Overview and Level Annotations

Branches:
Dungeon (3/15)

Altars:
Nemelex Xobeh

Shops:
D:1 :

Annotations:
D:2 Robin


Innate Abilities, Weirdness & Mutations

Your plain brown scales are hard. (AC +5)
You cannot fit into any form of body armour.
You are cold-blooded and may be slowed by cold attacks.


Message History

The goblin is severely wounded.
You hit the goblin.
You kill the goblin!
The goblin barely misses you.
You completely miss the goblin.
The goblin is moderately wounded.
Robin throws the goblin at you! The goblin barely misses you.
The goblin hits you with a +0 club.
You hit the goblin.
The goblin is severely wounded.
The goblin hits you but does no damage. The goblin barely misses you.
You hit the goblin.
You kill the goblin!
You hit the goblin.
You kill the goblin!
You hit Robin but do no damage. You tail-slap Robin, but do no damage.
Robin hits you with a +5 spectral club!
You hit Robin.
Robin is moderately wounded.
Robin hits you with a +5 spectral club.
You hit Robin but do no damage.
Robin is moderately wounded.
You hit Robin but do no damage.
Robin is moderately wounded.
Robin hits you with a +5 spectral club.
* * * LOW HITPOINT WARNING * * *
You hit Robin.
Robin is heavily wounded.
Robin barely misses you.
You hit Robin but do no damage.
Robin is heavily wounded.
Robin hits you with a +5 spectral club.
* * * LOW HITPOINT WARNING * * *
You hit Robin.
Robin is severely wounded.
You hit Robin but do no damage.
Robin is severely wounded.
Robin hits you with a +5 spectral club!
You die...
Robin lets out a smug laugh.

#....# #.#.#
##.#### #.#.#
###..#
###########.#.#
####...##
#...........#.#
#....###
#.###########.#
##.###### #.# .#
........# #†#
##.####.# #)#
######.# #..# #@#
#......# ..##
#g######.#########
.##
#.#.............<#
##
#.##.###.#########
# ..##.# #[# #
..##.# #.# .
..##.# #.# .
.#.##.# #.# #.#
#.#


You could see Robin.

Vanquished Creatures
  Terence (D:2)
  3 gnolls (D:3)
  An adder (D:2)
  5 endoplasms
  2 giant cockroaches (D:1)
  10 goblins
  7 hobgoblins
  4 jackals (D:1)
  A quokka (D:1)
  4 ball pythons
  2 bats
  4 frilled lizards
  A kobold (D:1)
  2 rats
47 creatures vanquished.

Notes
Turn   | Place    | Note
-------+----------+-------------------------------------------
     0 | D:1      | AtlasWard the Draconian Monk began the quest for the Orb.
     0 | D:1      | Reached XP level 1. HP: 19/19 MP: 1/1
   179 | D:1      | Reached XP level 2. HP: 21/26 MP: 2/2
   308 | D:1      | Found Ecofitt's Book Shop.
   751 | D:2      | Noticed Terence
   966 | D:2      | You fall into a shaft and drop 1 floor!
  1025 | D:3      | Reached XP level 3. HP: 24/33 MP: 3/3
  1173 | D:3      | Found a sparkling altar of Nemelex Xobeh.
  1354 | D:2      | Reached XP level 4. HP: 40/40 MP: 4/4
  1383 | D:2      | Killed Terence
  1503 | D:2      | Noticed Robin
  1523 | D:2      | HP: 2/41 [Robin/+5 spectral club (6)]
  1525 | D:2      | Slain by Robin

Illustrated notes

Levels and vault maps discovered:
D:1:      dpeg_arrival_three_bigger_balls, layout_loops_ring, serial_shops,
          nicolae_shop_tiny_statue_garden, serial_park_tiny_1
D:2:      layout_basic, uniq_terence, uniq_robin
D:3:      layout_basic, pdpol_wu_jian_five_deadly_venoms,
          mainiacjoe_overflow_concentric_impassable,
          chequers_ecumenical_altar_simple, gammafunk_ghost_nasty_kobolds

Skill      XL: |  1  2  3 |
---------------+----------+-----
Short Blades   | 4 |  4.8
Fighting       | 4 |  4.4
Dodging        | |  2.6

Action                     |  1- 3 |  4- 6 || total
---------------------------+-------+-------++-------
  Melee: Short sword       |   120 |    56 ||   176
         Tailslap          |    22 |    15 ||    37
  Throw: Dart              |       |     2 ||     2
    Use: Potion            |     1 |       ||     1
 Armour: Skin              |    21 |     7 ||    28
  Dodge: Dodged            |    55 |    24 ||    79

Table legend: (Time is in decaauts)
 A = Elapsed time spent in this place.
 B = Non-inter-level travel time spent in this place.
 C = Inter-level travel time spent in this place.
 D = Time resting spent in this place.
 E = Time spent auto-exploring this place.
 F = Levels seen in this place.
 G = Mean time per level.
                   A        B        C        D        E       F      G
               +--------+--------+--------+--------+--------+-----+--------+
         Total |   1492 |   1450 |     42 |     15 |   1086 |   3 |  497.3 |
       Dungeon |   1492 |   1450 |     42 |     15 |   1086 |   3 |  497.3 |
               +--------+--------+--------+--------+--------+-----+--------+

Top non-repeatable levels by time:
     D:1: 790 daAuts
     D:2: 379 daAuts
     D:3: 322 daAuts
